 Dungeon Crawl Stone Soup version 0.31-a0-329-g52107efa6a (webtiles) character file.

Game seed: 17208721177698322404

46 AdnanSaban the Covered (level 3, -5/24 HPs)
             Began as a Gargoyle Fighter on July 19, 2023.
             Killed from afar by Sigmund (8 damage)
             ... with a puff of flame
             ... on level 2 of the Dungeon.
             The game lasted 00:03:08 (1142 turns).

AdnanSaban the Covered (Gargoyle Fighter)           Turns: 1142, Time: 00:03:08

Health: -5/24      AC:  0    Str: 21    XL:     3   Next: 66%
Magic:  3/3        EV: 17    Int:  8    God:
Gold:   123        SH:  0    Dex: 14    Spells: 2/2 levels left

rFire   . . .        a - melded +0 flail
rCold   . . .        c - melded +0 buckler
rNeg    + . .        b - melded +0 scale mail
rPois   ∞            (helmet currently unavailable)
rElec   .            (cloak currently unavailable)
rCorr   .            (gloves currently unavailable)
SInv    .            (boots currently unavailable)
Will    .....        (no amulet)
Stlth   +            (ring currently unavailable)
HPRegen 0.24/turn    (ring currently unavailable)
MPRegen 0.08/turn

%: no passive effects
@: bat-form, flying, very quick
A: fast, flying, no casting, sickness immunity, AC +3, tiny, negative energy
resistance 1, (electricity resistance), torment resistance 1, petrification
resistance
a: no special abilities


You were on level 2 of the Dungeon.
You were a bat.
You visited 1 branch of the dungeon, and saw 2 of its levels.

You collected 123 gold pieces.

Inventory:

Hand Weapons
 a - a +0 flail (melded)
Armour
 b - a +0 scale mail (melded)
 c - a +0 buckler (melded)
Scrolls
 e - a scroll of teleportation {unknown}
 f - 2 scrolls of fog {unknown}
 h - a scroll of blinking {unknown}
 i - a scroll of identify {unknown}
 k - 2 scrolls of noise {unknown}
Potions
 d - a potion of might
 g - a potion of invisibility {unknown}
 j - a potion of lignification {unknown}


   Skills:
 + Level 3.7 Fighting
 + Level 2.6 Maces & Flails
 + Level 3.8 Armour
 + Level 3.7 Shields


You had 2 spell levels left.
You didn't know any spells.
Your spell library was empty.

Dungeon Overview and Level Annotations

Branches:
Dungeon (2/15)

Altars:

Annotations:
D:2 Sigmund


Innate Abilities, Weirdness & Mutations

You are a bat.
You are tiny and dextrous.
You move quickly.
You are flying.
Your equipment is almost entirely melded.
You are incapable of wielding weapons or throwing items.
You cannot cast spells.
You are immune to sickness and miasma.
((Your stone body is resilient. (AC +3)))
You are immune to poison.
You resist negative energy. (rN+)
((You are resistant to electric shocks. (rElec)))
You are resistant to unholy torment.
You are immune to petrification.


Message History

You cannot move.
You cannot move.
You cannot move.
You cannot move.
You cannot move.
No target in view!
Sorry, you're not good enough to have a special ability.
Unknown command.
You cannot move.
You cannot move.
You cannot move.
Something hits you.
You feel less wooden.
Your +0 scale mail unmelds from your body.
You hear a zap.
You turn into a bat.
Your +0 flail melds into your body.
Your +0 buckler melds into your body.
Your +0 scale mail melds into your body.
Something closely misses you.
You hit something but do no damage. Something hits you!
You hit something but do no damage. You barely miss something.
Something barely misses you.
You hit something but do no damage. Something hits you.
You miss something. You barely miss something. Something barely misses you.
You closely miss something. You miss something. Something hits you.
You closely miss something.
You hear some strange, mumbled words.
A puff of flame appears from out of thin air!
The puff of flame misses you.
You closely miss something. Something hits you!
* * * LOW HITPOINT WARNING * * *
You miss something.
Unknown command.
You hear some strange, mumbled words.
Something tries to affect you, but you resist.
A puff of flame appears from out of thin air!
The puff of flame hits you!
You die...

##.#.##.#.###.#.##
##.#.##.#.##.##.#.##
#.#.##.#.##.#.##.#†##
.#.##.#.##.#.#.##.#.##
#.##.#.##.#...#.##.#.##
.##.#.##.◎..##.#.##.#.#
#.##.#...#.##.#.##)#.##
.#.##.#.#.##.#.##.#.##
#.#†##.#.##.#.##b#.##
##.#.##.##.#.##.#.##
##.#.###.#.##.#.##
##.#.#.#.##.#.##
##.#.#.##{#.#####.#..
##.#.##.#.##...S....
##.##.#.##..#..@...
###.#.###(## #.###
#...##...# #


There were no monsters in sight!

Vanquished Creatures
  A dart slug (D:1)
  An orc (D:2)
  6 endoplasms (D:1)
  4 giant cockroaches
  2 goblins (D:1)
  5 hobgoblins
  4 jackals (D:1)
  3 kobolds
  2 ball pythons
  4 bats
  A frilled lizard (D:1)
  3 rats (D:1)
36 creatures vanquished.

Notes
Turn   | Place    | Note
-------+----------+-------------------------------------------
     0 | D:1      | AdnanSaban the Gargoyle Fighter began the quest for the
                  | Orb.
     0 | D:1      | Reached XP level 1. HP: 14/14 MP: 1/1
   207 | D:1      | Reached XP level 2. HP: 17/19 MP: 2/2
   557 | D:1      | Reached XP level 3. HP: 23/23 MP: 3/3
  1091 | D:2      | Noticed Sigmund
  1142 | D:2      | Killed from afar by Sigmund

Illustrated notes

Levels and vault maps discovered:
D:1:      ncdulo_lavacross, layout_loops_corners, minmay_pentomino_w2
D:2:      minmay_inner_zag, layout_basic, uniq_sigmund

Action                     || total
---------------------------++-------
  Melee: Flail             ||   154
         Unarmed           ||    11
 Armour: Scale mail        ||    95
         Skin              ||     7
  Dodge: Dodged            ||   104
  Block: Buckler           ||    41

Table legend: (Time is in decaauts)
 A = Elapsed time spent in this place.
 B = Non-inter-level travel time spent in this place.
 C = Inter-level travel time spent in this place.
 D = Time resting spent in this place.
 E = Time spent auto-exploring this place.
 F = Levels seen in this place.
 G = Mean time per level.
                   A        B        C        D        E       F      G
               +--------+--------+--------+--------+--------+-----+--------+
         Total |   1188 |   1174 |     14 |      0 |    847 |   2 |  594.0 |
       Dungeon |   1188 |   1174 |     14 |      0 |    847 |   2 |  594.0 |
               +--------+--------+--------+--------+--------+-----+--------+

Top non-repeatable levels by time:
     D:1: 985 daAuts
     D:2: 203 daAuts
